 Dungeon Crawl Stone Soup version 0.24.0-13-gcf9b319 (webtiles) character file.

Game seed: 15337604601459396840, levelgen mode: deterministic

88055 meepyknight the Severer (level 15, 0/141 HPs)
             Began as a Minotaur Fighter on Nov 8, 2019.
             Was the Champion of the Shining One.
             Killed by divine providence
             ... invoked by an orc priest
              (15 damage)
             ... on level 2 of the Orcish Mines on Nov 9, 2019.
             The game lasted 01:17:12 (19530 turns).

meepyknight the Severer (Minotaur Fighter)         Turns: 19530, Time: 01:17:13

Health: 0/141      AC: 30    Str: 27    XL:     15   Next: 45%
Magic:  11/19      EV:  7    Int:  4    God:    the Shining One [******]
Gold:   1896       SH: 15    Dex: 12    Spells: 14/14 levels left

rFire    . . .     SeeInvis .   a - +2 war axe
rCold    . . .     Gourm    .   c - +1 shield
rNeg     + + +     Faith    .   I - +1 crystal plate armour
rPois    +         Spirit   .   (helmet restricted)
rElec    .         Reflect  .   m - +2 ratskin cloak {+Rats rPois rN+ Str-1 Int-1 Dex+1}
rCorr    .         Harm     .   T - +0 pair of gloves
MR       +....                  g - +0 pair of boots
Stlth    ..........             l - amulet of regeneration
HPRegen  0.73/turn              z - +5 ring of slaying
MPRegen  0.16/turn              j - +2 ring of strength

@: glowing
A: retaliatory headbutt, horns 2
a: Divine Shield, Cleansing Flame, Summon Divine Warrior, Brand Weapon With Holy
Wrath, Renounce Religion, Evoke Ratskin


You were on level 2 of the Orcish Mines.
You worshipped the Shining One.
The Shining One was exalted by your worship.
You were not hungry.

You visited 4 branches of the dungeon, and saw 24 of its levels.
You also visited: Bailey and Gauntlet.

You collected 1896 gold pieces.

Inventory:

Hand Weapons
 a - a +2 war axe (weapon)
 h - the +8 long sword of Unreason {antimagic, +Blink +Inv Dex+3}
   (You found it on level 2 of the Lair of Beasts)

   It reduces the magical energy of the wielder, and disrupts the spells and
   magical abilities of those hit.
   Natural abilities and divine invocations are not affected.
   It affects your dexterity (+3).
   It lets you turn invisible.
   It lets you blink.
 M - the +8 great mace "Boeroest" {flame, +Inv}
   (You took it off an ogre on level 6 of the Dungeon)

   It has been specially enchanted to burn those struck by it, causing extra
   injury to most foes and up to half again as much damage against particularly
   susceptible opponents.
   It lets you turn invisible.
Armour
 c - a +1 shield (worn)
 g - a +0 pair of boots (worn)
 m - the +2 ratskin cloak (worn) {+Rats rPois rN+ Str-1 Int-1 Dex+1}
   (You found it in a bailey)

   It affects your strength (-1).
   It affects your intelligence (-1).
   It affects your dexterity (+1).
   It protects you from poison.
   It protects you from negative energy.
 I - a +1 crystal plate armour (worn)
 T - a +0 pair of gloves (worn)
Jewellery
 d - an uncursed ring of protection from magic
 j - a +2 ring of strength (right hand)
 l - an amulet of regeneration (around neck)
 v - an uncursed amulet of the acrobat {unknown}
 x - an uncursed ring of stealth {unknown}
 z - a +5 ring of slaying (left hand)
 B - an uncursed ring of protection from cold
 G - the ring of the Invisible Hand {MR+ Str+5 Dex-2}
   (You took it off a minotaur in a Gauntlet)

   [ring of protection from magic]

   It affects your strength (+5).
   It affects your dexterity (-2).
   It affects your resistance to hostile enchantments.
 L - an uncursed ring of magical power
 Q - an uncursed ring of resist corrosion {unknown}
 R - an uncursed ring of wizardry {unknown}
 S - an uncursed ring of ice {unknown}
 W - an uncursed ring of wizardry {unknown}
Wands
 e - a wand of polymorph (9)
 p - a wand of flame (23)
 r - a wand of acid (15)
 y - a wand of paralysis (30)
Scrolls
 b - 5 scrolls of fear
 i - 17 scrolls of identify
 k - 5 scrolls of amnesia
 q - 3 scrolls of blinking
 s - 5 scrolls of teleportation
 w - 4 scrolls of fog
 E - 2 scrolls of summoning
 F - 2 scrolls of silence
 H - 7 scrolls of remove curse
 P - 3 scrolls of magic mapping
Potions
 n - a potion of berserk rage
 o - 3 potions of agility
 t - 5 potions of flight
 u - 3 potions of resistance
 A - a potion of cancellation
 C - 5 potions of curing
 K - 2 potions of haste
 N - 2 potions of brilliance
 O - a potion of magic
 U - 2 potions of might
 V - a potion of heal wounds
Miscellaneous
 D - a crystal ball of energy
 J - a fan of gales
Comestibles
 f - 24 rations


   Skills:
 + Level 15.2 Fighting
 - Level 2.4 Long Blades
 + Level 18.4 Axes
 + Level 13.3 Armour
 + Level 2.5 Dodging
 + Level 15.2 Shields
 + Level 7.1 Invocations


You had 14 spell levels left.
You didn't know any spells.
Your spell library contained the following spells:

 Spells                   Type           Power        Failure   Level  Hunger
 Beastly Appendage        Tmut           #.....       100%        1    ##.....
 Corona                   Hex            #......      100%        1    ##.....
 Shock                    Conj/Air       #...         100%        1    ##.....
 Summon Small Mammal      Summ           #...         100%        1    ##.....
 Blink                    Tloc           N/A          100%        2    ###....
 Call Imp                 Summ           #.......     100%        2    ###....
 Ensorcelled Hibernation  Hex/Ice        #.....       100%        2    ###....
 Shroud of Golubria       Chrm/Tloc      #.....       100%        2    ###....
 Sticks to Snakes         Tmut           #.......     100%        2    ###....
 Swiftness                Chrm/Air       #.......     100%        2    ###....
 Call Canine Familiar     Summ           #.......     100%        3    ####...
 Confuse                  Hex            #.......     100%        3    ####...
 Dazzling Spray           Conj/Hex       #.....       100%        3    ####...
 Gell's Gravitas          Tloc           #.........   100%        3    ####...
 Lesser Beckoning         Tloc           #.........   100%        3    ####...
 Spider Form              Tmut/Pois      #.........   100%        3    ####...
 Static Discharge         Conj/Air       #.......     100%        3    ####...
 Summon Guardian Golem    Hex/Summ       #.......     100%        3    ####...
 Teleport Other           Tloc           #.......     100%        3    ####...
 Tukima's Dance           Hex            #.......     100%        3    ####...
 Airstrike                Air            #.........   100%        4    #####..
 Ice Form                 Ice/Tmut       #.......     100%        4    #####..
 Passage of Golubria      Tloc           N/A          100%        4    #####..
 Summon Ice Beast         Ice/Summ       #.......     100%        4    #####..
 Summon Lightning Spire   Summ/Air       #.......     100%        4    #####..
 Blade Hands              Tmut           #.........   100%        5    ######.
 Lightning Bolt           Conj/Air       #.........   100%        5    ######.


Dungeon Overview and Level Annotations

Branches:
Dungeon (15/15)            Temple (1/1) D:4            Lair (6/6) D:8
  Swamp (0/4) Lair:3        Snake (0/4) Lair:4        Slime (0/5) Lair:5
    Orc (2/2) D:10         Vaults (0/5) D:14         Depths (0/5) D:15
 Bailey (visited)         Gauntlet (visited)
    Elf: Orc:2

Altars:
Ashenzari
Cheibriados
Dithmenos
Elyvilon
Fedhas
Gozag
Hepliaklqana
Kikubaaqudgha
Makhleb
Nemelex Xobeh
Okawaru
Qazlal
Ru
Sif Muna
Trog
Uskayaw
Vehumet
Wu Jian
Xom
Yredelemnul
Zin
The Shining One

Shops:
D:8 *   D:15 [

Annotations:
D:11 2 transporters, TheDoctor's ghost, journeyman OpTm
D:14 3 runed translucent doors, Jyuliv's ghost, journeyman GrEE


Innate Abilities, Weirdness & Mutations

You reflexively headbutt those who attack you in melee.
You have a pair of horns on your head.


Message History

You fail to use your ability.
You block the orc high priest's attack.
The orc priest calls down the wrath of Beogh upon you.
Beogh smites you!
The orc high priest prays.
You are momentarily dazzled by a brilliant light.
You feel somewhat more hungry.
The orc high priest mumbles some strange prayers to Beogh against you.
Beogh smites you!
* * * LOW HITPOINT WARNING * * *
The smoke demon gestures at you. Beogh smites you!
* * * LOW HITPOINT WARNING * * *
The orc high priest calls down the wrath of Beogh upon you.
Beogh smites you!
* * * LOW HITPOINT WARNING * * *
The orc high priest hits you but does no damage.
You hear a shout!
The orc priest invokes the aid of Beogh against you.
Beogh smites you!
You die...

.#...........
#.............
##..#..##.....# ###
#.............# ..#
#............# ..#
#...........# ..#
#...........# .4# #
##<..........###o##oo3.
#.....#.....A@oo)ooo4o8
##............###3##oho.
#.............# .o# .
#.............# o.#
##............# o.#
##............## ###
#...............
##.....<........
#.$.............


You could see 3 orc high priests, a smoke demon, a chaos spawn, a warg, 2 orc
priests, 4 orcs and a friendly angel.

Vanquished Creatures
  A minotaur (Gauntlet)
  4 ogre magi
  4 vault guards (D:14)
  A centaur warrior (D:15)
  A merfolk avatar (Lair:6)
  5 hydras
  17 two-headed ogres
  4 death yaks (Lair:6)
  An orc high priest (Orc:2)
  Nergalle (D:12)
  3 skeletal warriors (D:15)
  2 unseen horrors
  A sixfirhy (Gauntlet)
  2 wizards
  Pikel (D:6)
  The ghost of Morgon the Basher, a novice TrGl (D:6)
  An orc knight (D:14)
  A harpy (Lair:6)
  2 wolf spider zombies
  A deep elf mage (D:13)
  An orc sorcerer (D:15)
  19 ugly things
  A manticore (D:13)
  A moth of wrath (Gauntlet)
  4 cyclopes
  A black mamba (Lair:4)
  A naga mage (D:15)
  Psyche (D:12)
  4 elephants (Lair:6)
  7 gargoyles
  3 centaur skeletons
  9 spiny frogs
  A rime drake (shapeshifter) (D:14)
  5 komodo dragons
  A freezing wraith (D:14)
  2 rime drakes (Lair:6)
  4 trolls
  6 polar bears
  2 wind drakes (Lair:6)
  7 hornets
  A jumping spider (shapeshifter) (D:13)
  A polar bear (shapeshifter) (D:14)
  8 blink frogs
  14 slime creatures
  4 dream sheep (Lair:6)
  13 hippogriffs
  Sigmund (D:4)
  5 wyverns
  12 yaks
  A human (D:14)
  A vampire (D:12)
  2 redbacks (Gauntlet)
  3 basilisks
  3 wraiths
  A hungry ghost (D:11)
  Edmund (D:4)
  15 vampire mosquitoes
  Menkaure (D:6)
  3 swamp worms (Gauntlet)
  A naga (Lair:4)
  2 soldier ants
  An acid dragon (D:11)
  3 wargs (Orc:2)
  15 water moccasins
  Duvessa (D:5)
  6 sky beasts
  9 porcupines
  16 orc warriors
  A slave (D:6)
  7 ice beasts
  A phantom (D:6)
  2 necrophages
  An eye of draining (D:12)
  15 wolves
  8 centaurs
  17 ogres
  A boggart (D:11)
  13 crocodiles
  4 big kobolds
  11 bullfrogs
  Dowan (D:5)
  A water moccasin skeleton (D:8)
  5 scorpions
  17 killer bees
  6 wights
  A howler monkey (D:12)
  5 crimson imps
  2 bullfrog zombies
  3 centaur zombies
  3 jellies
  4 hounds
  A quasit (D:5)
  18 orc wizards
  2 bullfrog skeletons
  15 orc priests
  2 iguanas
  8 worker ants
  A hound zombie (D:9)
  A hound skeleton (D:4)
  11 gnolls
  10 adders
  3 shadow imps
  4 ufetubi (Gauntlet)
  3 oozes
  3 adder zombies
  An adder skeleton (D:7)
  A worm (D:2)
  2 dart slugs
  7 leopard geckos
  88 orcs
  A ball python (D:8)
  11 giant cockroaches
  4 goblins
  6 hobgoblins
  6 jackals
  7 quokkas
  6 bats
  7 frilled lizards
  A jackal skeleton (D:7)
  22 kobolds
  A leopard gecko skeleton (D:4)
  2 quokka skeletons
  6 rats
  2 butterflies (Lair:4)
  A fungus (D:8)
  3 plants
674 creatures vanquished.

Vanquished Creatures (collateral kills)
  2 hydras
  A black mamba (Lair:4)
  A spiny frog (Lair:2)
  A polar bear (Lair:4)
  A blink frog (Lair:4)
  2 yaks (Lair:4)
  3 nagas (Lair:4)
  A bullfrog (Lair:2)
  A butterfly (Lair:4)
13 creatures vanquished.

Vanquished Creatures (others)
  A slave (D:6)
  A scorpion (D:6)
  6 fungi
  13 plants
21 creatures vanquished.

Grand Total: 708 creatures vanquished

Notes
Turn   | Place    | Note
-------+----------+-------------------------------------------
     0 | D:1      | meepyknight the Minotaur Fighter began the quest for the
                  | Orb.
     0 | D:1      | Reached XP level 1. HP: 19/19 MP: 0/0
   127 | D:1      | Found an iron altar of Okawaru.
   191 | D:1      | Reached XP level 2. HP: 27/27 MP: 1/1
   769 | D:2      | Reached XP level 3. HP: 33/33 MP: 2/2
  1305 | D:2      | Reached XP level 4. HP: 40/40 MP: 3/3
  1333 | D:2      | Reached skill level 1 in Long Blades
  1760 | D:3      | Reached XP level 5. HP: 38/46 MP: 4/4
  1941 | D:3      | Found a radiant altar of Vehumet.
  2460 | D:4      | Reached skill level 5 in Shields
  2488 | D:4      | Found a staircase to the Ecumenical Temple.
  2522 | D:4      | Reached skill level 5 in Armour
  2557 | D:4      | Reached skill level 3 in Axes
  2580 | Temple   | Entered the Ecumenical Temple
  2720 | Temple   | Became a worshipper of the Shining One
  3004 | D:4      | Noticed Edmund
  3016 | D:4      | Killed Edmund
  3016 | D:4      | Reached XP level 6. HP: 49/53 MP: 5/5
  3023 | D:4      | Reached skill level 4 in Axes
  3202 | D:4      | Reached skill level 5 in Fighting
  3416 | D:4      | Noticed Sigmund
  3426 | D:4      | Killed Sigmund
  3426 | D:4      | Reached skill level 5 in Axes
  3426 | D:4      | Reached XP level 7. HP: 61/61 MP: 6/6
  3645 | D:5      | Entered Level 5 of the Dungeon
  3645 | D:5      | Noticed Duvessa
  3646 | D:5      | Noticed Dowan
  3657 | D:5      | Killed Duvessa
  3660 | D:5      | Killed Dowan
  3660 | D:5      | Reached skill level 6 in Axes
  3821 | D:5      | Reached skill level 7 in Axes
  3821 | D:5      | Reached XP level 8. HP: 57/70 MP: 7/7
  4637 | D:6      | Noticed Menkaure
  4647 | D:6      | Killed Menkaure
  4647 | D:6      | Reached * piety under the Shining One
  4647 | D:6      | Reached skill level 8 in Axes
  4810 | D:6      | Noticed Pikel
  4825 | D:6      | Killed Pikel
  4825 | D:6      | Reached skill level 9 in Axes
  4825 | D:6      | Reached XP level 9. HP: 51/78 MP: 8/8
  4846 | D:6      | Found a transporter.
  4846 | D:6      | Noticed Morgon's ghost (novice TrGl)
  4846 | D:6      | Identified the +8 great mace "Boeroest" {flame, +Inv}
  4847 | D:6      | Found a transporter.
  4981 | D:6      | Found a white marble altar of Elyvilon.
  5220 | D:7      | Reached skill level 10 in Axes
  5251 | D:7      | Reached skill level 1 in Dodging
  5820 | D:8      | Found Cuadexo's Serpentskin Sales.
  5942 | D:8      | Reached skill level 11 in Axes
  5960 | D:8      | Reached XP level 10. HP: 79/86 MP: 9/9
  5961 | D:8      | Found a staircase to the Lair.
  5975 | D:8      | Reached ** piety under the Shining One
  7060 | D:9      | Reached skill level 12 in Axes
  7607 | D:10     | Entered Level 10 of the Dungeon
  7664 | D:10     | Reached *** piety under the Shining One
  7682 | D:10     | Found a flagged portal.
  7695 | Bailey   | Entered a bailey
  7954 | Bailey   | Identified the amulet of Udwuec Tohuh {Harm *Drain rElec
                  | rC- rN+}
  8003 | Bailey   | Found the +2 ratskin cloak {+Rats rPois rN+ Str-1 Int-1
                  | Dex+1}
  8205 | D:10     | Noticed a two-headed ogre
  8214 | D:10     | Killed a two-headed ogre
  8214 | D:10     | Reached skill level 10 in Shields
  8345 | D:10     | Found a shimmering altar of Xom.
  8410 | D:10     | Found a staircase to the Orcish Mines.
  8678 | D:10     | Noticed a cyclops
  8684 | D:10     | Killed a cyclops
  8684 | D:10     | Reached skill level 13 in Axes
  8684 | D:10     | Reached XP level 11. HP: 93/95 MP: 10/10
  8857 | D:11     | Noticed a white ugly thing
  8859 | D:11     | Noticed a four-headed hydra
  8883 | D:10     | Killed a white ugly thing
  8895 | D:11     | Killed a ten-headed hydra
  8967 | D:11     | Found a transporter.
  8968 | D:11     | Noticed a phantasmal warrior
  8969 | D:11     | Found a transporter.
  8969 | D:11     | Noticed TheDoctor's ghost (journeyman OpTm)
  8982 | D:11     | Noticed a cyan ugly thing
  8984 | D:11     | Noticed a cyan ugly thing
  9029 | D:11     | Killed a cyan ugly thing
  9035 | D:11     | Noticed a two-headed ogre
  9050 | D:11     | Killed a two-headed ogre
  9050 | D:11     | Reached skill level 14 in Axes
  9250 | D:11     | Found a gate leading to a gauntlet.
  9263 | Gauntlet | Entered a Gauntlet
  9263 | Gauntlet | Found a transporter.
  9263 | Gauntlet | Found a transporter.
  9263 | Gauntlet | Found a transporter.
  9263 | Gauntlet | Noticed a sixfirhy
  9263 | Gauntlet | Reached **** piety under the Shining One
  9264 | Gauntlet | Found a transporter.
  9266 | Gauntlet | Found a transporter.
  9268 | Gauntlet | Found a transporter.
  9270 | Gauntlet | Noticed a catoblepas
  9277 | Gauntlet | Found a transporter.
  9277 | Gauntlet | Found a transporter.
  9279 | Gauntlet | Found a transporter.
  9279 | Gauntlet | Found a transporter.
  9287 | Gauntlet | Found a transporter.
  9290 | Gauntlet | Found a transporter.
  9492 | Gauntlet | Killed a sixfirhy
  9586 | Gauntlet | Reached skill level 10 in Fighting
  9642 | Gauntlet | Identified the ring of the Invisible Hand {MR+ Str+5 Dex-2}
  9642 | Gauntlet | Noticed a minotaur
  9653 | Gauntlet | Killed a minotaur
 10193 | D:6      | Killed Morgon's ghost
 10349 | D:12     | Reached XP level 12. HP: 107/107 MP: 1/11
 10395 | D:12     | Reached skill level 10 in Armour
 10410 | D:12     | Noticed Nergalle
 10425 | D:12     | Killed Nergalle
 10425 | D:12     | Reached skill level 15 in Axes
 10643 | D:12     | Reached ***** piety under the Shining One
 10821 | D:12     | Noticed Psyche
 10828 | D:12     | Killed Psyche
 10955 | D:11     | Reached skill level 1 in Invocations
 11506 | D:13     | Noticed a two-headed ogre
 11513 | D:13     | Killed a two-headed ogre
 11680 | D:13     | Got a translucent leather armour
 11681 | D:13     | Identified the +3 leather armour "Kiyvyngi" {Str+4 Int+2}
                  | (You found it on level 13 of the Dungeon)
 11777 | D:13     | Reached skill level 16 in Axes
 11792 | D:13     | Found a shimmering altar of Xom.
 12128 | D:14     | Reached XP level 13. HP: 117/117 MP: 15/15
 12312 | D:14     | Found a runed translucent gate.
 12317 | D:14     | Found a runed translucent gate.
 12318 | D:14     | Found a runed translucent gate.
 12318 | D:14     | Noticed Jyuliv's ghost (journeyman GrEE)
 12369 | D:14     | Reached ****** piety under the Shining One
 12631 | D:14     | Reached skill level 5 in Invocations
 12864 | D:14     | Found a gate to the Vaults.
 12966 | D:15     | Entered Level 15 of the Dungeon
 13245 | D:15     | Reached skill level 17 in Axes
 13330 | D:15     | Reached XP level 14. HP: 51/127 MP: 15/17
 13470 | D:15     | Found a basalt altar of Yredelemnul.
 13472 | D:15     | Found Nueser's Armour Shop.
 13821 | D:15     | Found a staircase to the Depths.
 14275 | Lair:1   | Entered Level 1 of the Lair of Beasts
 14910 | Lair:2   | Got an ivory long sword
 14911 | Lair:2   | Identified the +8 long sword of Unreason {antimagic, +Blink
                  | +Inv Dex+3} (You found it on level 2 of the Lair of Beasts)
 16178 | Lair:3   | Found a staircase to the Swamp.
 16543 | Lair:4   | Found a staircase to the Snake Pit.
 17316 | Lair:5   | Found a staircase to the Slime Pits.
 17843 | Lair:5   | Found a burning altar of Makhleb.
 17901 | Lair:6   | Entered Level 6 of the Lair of Beasts
 17961 | Lair:6   | Reached skill level 18 in Axes
 17994 | Lair:6   | Reached XP level 15. HP: 128/139 MP: 19/19
 18254 | Lair:6   | Found the +4 dagger "Morg" {pain, MR+ Int+5}
 18377 | Lair:6   | Reached skill level 15 in Shields
 18636 | Lair:6   | Got a warped buckler
 18637 | Lair:6   | Identified the +1 buckler of Xetroimn {+Fly rF+ Regen+}
                  | (You found it on level 6 of the Lair of Beasts)
 19157 | Orc:1    | Entered Level 1 of the Orcish Mines
 19171 | Orc:1    | Reached skill level 15 in Fighting
 19464 | Orc:2    | Entered Level 2 of the Orcish Mines
 19530 | Orc:2    | Killed from afar by an orc priest

Levels and vault maps discovered:
D:1:      ncdulo_wetmaze, layout_basic, serial_rivers,
          chequers_serial_rivers_small_a, chequers_serial_rivers_room_b,
          chequers_serial_rivers_room_b, chequers_serial_rivers_large_a,
          chequers_serial_rivers_marsh, okawaru_ov_weapons_minmay
D:2:      lemuel_upstairs_altar, layout_basic, first_ration, grunt_ministairs_8
D:3:      layout_basic, vehumet_crystals
D:4:      layout_loops_ring, temple_pool_b, serial_rivers,
          chequers_serial_rivers_room_b, chequers_serial_rivers_micro_a,
          chequers_serial_rivers_room_a, chequers_serial_rivers_micro_a,
          chequers_serial_rivers_micro_d, uniq_sigmund, uniq_edmund
D:5:      layout_basic, grunt_ministairs_7, uniq_duvessa
D:6:      layout_cave_pools, gammafunk_ghost_smash, elyvilon_altar_4,
          uniq_pikel, uniq_menkaure
D:7:      layout_loops_cross
D:8:      layout_cave_pods, due_lair_maze_entry_diamond, guppyfry_shop_venom
D:9:      layout_cave_pools
D:10:     layout_loops_ring, david_orc_2, enter_bailey_6, basic_altar,
          lightli_minifort
D:11:     minmay_the_grid_triangle_9x9_rhombus_thin_mashed
          [minmay_the_grid_triangle_9x9_pentomino_pain,
          minmay_the_grid_triangle_9x9_prize_top_heavy,
          minmay_the_grid_triangle_9x9_odd_lines,
          minmay_the_grid_triangle_9x9_corrupted_corridor], layout_long_grid,
          gammafunk_ghost_arena, gauntlet_entry_generic
D:12:     layout_stronghold, uniq_psyche, uniq_nergalle
D:13:     layout_big_octagon, basic_altar
D:14:     layout_basic, grunt_vaults_entry_fortified, minmay_misc_feat_ornament,
          gammafunk_ghost_hydra_chop
D:15:     grunt_enter_depths_magical_seal, layout_gridville,
          yredelemnul_altar_generic, serial_shops, shop
Temple:   roderic_octagonal_lattice_temple
Lair:1:   layout_chaotic_city, columned_hall_lemuel, minmay_stone_trees_small
Lair:2:   layout_regular_city
Lair:3:   layout_chaotic_city, swamp_mist_pool, chequers_serial_rivers_micro_e
Lair:4:   layout_misc_corridors, minmay_snake_entry_guardpost_medium,
          grunt_megastairs_3, lemuel_fruit_fields, serial_bayou_shore_b
Lair:5:   layout_regular_city, dpeg_slime_entry_corner, st_stairs_3,
          lemuel_centaur_altar
Lair:6:   gammafunk_lair_ancient_temple, layout_small_grid,
          chequers_serial_rivers_small_a, chequers_serial_rivers_micro_b,
          infiniplex_staircase_pool
Orc:1:    layout_caves, serial_shops, shop, minmay_orc_keep
Orc:2:    st_orc_town, layout_caves, nicolae_orc_sculptors_studio

Skill      XL: |  1  2  3  4  5  6  7  8  9 10 11 12 13 14 15 |
---------------+----------------------------------------------+-----
Shields        | 4 5 6 7 8 10 11 12 13 14 15 | 15.2
Armour         | 4 5 6 8 9 10 11 12 13 | 13.3
Fighting       | 4 5 6 7 8 10 11 12 14 15 | 15.2
Long Blades    | 2 |  2.4
Axes           | 3 5 7 9 11 13 14 16 17 18 | 18.4
Dodging        | 1 2 |  2.5
Invocations    | 4 6 7 |  7.1

Action                   |  1- 3 |  4- 6 |  7- 9 | 10-12 | 13-15 || total
-------------------------+-------+-------+-------+-------+-------++-------
Melee: War axe           |     6 |    99 |   210 |   611 |   815 ||  1741
       Headbutt          |    12 |    21 |    36 |   149 |   230 ||   448
       Falchion          |    77 |    32 |       |       |       ||   109
Invok: Divine Shield     |       |       |       |     1 |     1 ||     2
       Cleansing Flame   |       |       |       |       |     2 ||     2
       Summon Divine War |       |       |       |       |     4 ||     4
 Abil: Evoke Ratskin     |       |       |       |     3 |       ||     3
  Use: Scroll            |     7 |     4 |     5 |    12 |     6 ||    34
       Potion            |     2 |     1 |     9 |     6 |     3 ||    21
  Eat: Chunk             |     1 |     4 |     5 |     7 |    10 ||    27
       Ration            |       |     1 |     1 |     4 |     5 ||    11
Armor: Scale mail        |    27 |       |       |       |       ||    27
       Plate armour      |    14 |   101 |   154 |   216 |       ||   485
       Crystal plate arm |       |       |       |   101 |   457 ||   558
Dodge: Dodged            |    18 |    27 |    64 |   127 |   151 ||   387
Block: Shield            |    47 |    68 |   158 |   398 |   524 ||  1195
       Rpst.: Falchion   |     2 |     4 |       |       |       ||     6
